 Dungeon Crawl Stone Soup version 0.32-a0-999-gfa1cc04b1d (webtiles) character file.

Game seed: 1248318384893263592

2767 DrKenneth the Blocker (level 9, -2/82 HPs)
             Began as a Minotaur Fighter on Apr 25, 2024.
             Slain by a manticore (5 damage)
             ... on level 7 of the Dungeon.
             The game lasted 00:18:25 (6557 turns).

DrKenneth the Blocker (Minotaur Fighter)            Turns: 6557, Time: 00:18:26

Health: -2/82      AC: 11    Str: 24    XL:     9   Next: 42%
Magic:  0/8        EV:  7    Int:  5    God:
Gold:   405        SH:  0    Dex: 11    Spells: 8/8 levels left

rFire   . . .        B - +1 battleaxe (elec)
rCold   . . .        (shield currently unavailable)
rNeg    . . .        D - +0 chain mail {rPois}
rPois   +            (helmet restricted)
rElec   .            (no cloak)
rCorr   .            (no gloves)
SInv    .            (no boots)
Will    .....        v - amulet of guardian spirit Stlth
                     e - ring of flight
HPRegen 0.33/turn    (no ring)
MPRegen 0.11/turn

%: guardian spirit
@: spiked, flying
A: horns 2, retaliatory headbutt
a: no special abilities


You were on level 7 of the Dungeon.
You visited 1 branch of the dungeon, and saw 7 of its levels.

You collected 498 gold pieces.
You spent 93 gold pieces at shops.

Inventory:

Hand Weapons
 a - a +0 war axe
 B - a +1 battleaxe of electrocution (weapon)
Missiles
 r - 5 throwing nets (quivered)
Armour
 b - a +0 scale mail
 c - a +0 buckler
 D - a +0 chain mail of poison resistance (worn)
 E - a +0 kite shield
 I - a scarf of invisibility
Jewellery
 e - a ring of flight (left hand)
 v - an amulet of guardian spirit (around neck)
 A - a ring of protection from cold
Wands
 y - a wand of quicksilver (20)
Scrolls
 f - 2 scrolls of vulnerability {unknown}
 h - a scroll of torment {unknown}
 j - a scroll of noise {unknown}
 k - a scroll of enchant weapon
 l - a scroll of identify
 n - a scroll of poison {unknown}
 p - 2 scrolls of fog {unknown}
 s - a scroll of immolation {unknown}
 u - 2 scrolls of teleportation
 x - a scroll of amnesia {unknown}
 z - a scroll of revelation
 C - 2 scrolls of blinking {unknown}
 F - a scroll of enchant armour {unknown}
Potions
 d - a potion of might
 g - a potion of magic {unknown}
 i - 5 potions of curing
 m - 3 potions of lignification {unknown}
 o - 7 potions of mutation {unknown}
 q - 3 potions of attraction {unknown}
 t - 3 potions of haste {unknown}
 w - 3 potions of heal wounds {unknown}
 G - a potion of cancellation {unknown}
 H - a potion of resistance {unknown}


   Skills:
 + Level 8.6 Fighting
 + Level 8.1 Axes
 + Level 8.6 Armour
 + Level 8.6 Shields


You had 8 spell levels left.
You didn't know any spells.
Your spell library contained the following spells:

 Spells                   Type           Power      Damage    Failure   Level
 Jinxbite                 Hex            0%         N/A       98%         2
 Lesser Beckoning         Tloc           0%         N/A       98%         2
 Inner Flame              Hex/Fire       0%         N/A       100%        3
 Maxwell's Portable Pile  Tloc           0%         2d(5-13)  100%        3
 Teleport Other           Tloc           0%         N/A       100%        3
 Flame Wave               Conj/Fire      0%         2d4       100%        4
 Sticky Flame             Fire/Alch      0%         2d4       100%        4
 Irradiate                Conj/Alch      0%         3d11      100%        5
 Yara's Violent Unravell  Hex/Alch       0%         3d3       100%        5
 Enfeeble                 Hex            0%         N/A       100%        7
 Ignition                 Fire           0%         3d3       100%        8


Dungeon Overview and Level Annotations

Branches:
Dungeon (7/15)             Temple (0/1) D:7

Altars:
Ashenzari
Elyvilon
Hepliaklqana
Kikubaaqudgha
Nemelex Xobeh
Uskayaw
Wu Jian

Shops:
D:5 *


Innate Abilities, Weirdness & Mutations

You have a pair of horns on your head.
You reflexively headbutt those who attack you in melee.


Message History

An orc comes into view. It is wielding a +0 dagger.
The orc shouts!
Things that are here:
a +0 short sword; a +0 robe; a kobold corpse The orc barely misses you.
You barely miss the orc. Your headbutt misses the orc.
The orc barely misses you.
You barely miss the orc. Your headbutt misses the orc.
The orc hits you but does no damage. The orc hits you with a +0 dagger.
You slash the orc! Lightning courses through the orc!
You kill the orc!
You see here a +0 dagger.
A manticore comes into view.
Found a scroll labelled XUDUSK ZAYZIR.
The manticore flicks its tail.
The volley of spikes skewers you!
Barbed spikes become lodged in your body.
The barbed spikes dig painfully into your body as you move.
The manticore flicks its tail.
The volley of spikes skewers you but does no damage.
The barbed spikes dig painfully into your body as you move.
The manticore flicks its tail.
The volley of spikes skewers you!
More barbed spikes become lodged in your body.
The barbed spikes dig painfully into your body as you move.
The manticore bites you!
The manticore claws you but does no damage.
The manticore claws you!
* * * LOW HITPOINT WARNING * * *
You slash the manticore! You headbutt the manticore!
The manticore is heavily wounded.
The manticore bites you!
* * * LOW HITPOINT WARNING * * *
The manticore barely misses you. x2
You hit the manticore but do no damage.
The manticore is heavily wounded.
The manticore bites you!
* * * LOW HITPOINT WARNING * * *
The manticore claws you.
You die...

,*,,,,**,#.#.#.....#
*,*,,,**,#.#.###.#.#
,*,*,,**,#.#...#.#.#
>,*,,,**,#.#####.###
,*,*,,**,..#.......#
*,*,,,**,#########.#
,*,,,,**,,,#.......#
,,,,,,****,#.#######
*****,**,*,#....@H.#
*,**,*,#########
*,**,,,,,,,,,,,*
*,************,*
*,**,,,*,*,,,*,*
*,**,*,,,*,*,*,*
*,**,*****,*,*,*
*,,,,,,,,,,*,,,*
****************


You could see a manticore.

Vanquished Creatures
  A kobold demonologist (D:7)
  A steam dragon (D:6)
  A water moccasin (D:5)
  2 orc warriors
  2 black bears (D:5)
  A centaur (D:6)
  A phantom (D:2)
  A kobold brigand (D:6)
  A bullfrog (D:6)
  7 scorpions
  2 howler monkeys (D:7)
  5 hounds
  2 jellies
  A gnoll bouda (D:7)
  4 orc priests
  2 sleepcaps
  7 iguanas
  7 orc wizards
  12 gnolls
  12 adders
  A white imp (D:6)
  2 ufetubi (D:5)
  2 dart slugs
  3 ribbon worms
  23 orcs
  7 ball pythons
  4 bats (D:2)
  7 endoplasms
  16 giant cockroaches
  8 goblins
  6 hobgoblins
  6 jackals
  15 kobolds
  4 quokkas
  4 frilled lizards
  6 rats
186 creatures vanquished.

Vanquished Creatures (others)
  A goblin (D:4)
1 creature vanquished.

Grand Total: 187 creatures vanquished

Notes
Turn   | Place    | Note
-------+----------+-------------------------------------------
     0 | D:1      | DrKenneth the Minotaur Fighter began the quest for the Orb.
     0 | D:1      | Reached XP level 1. HP: 19/19 MP: 0/0
   182 | D:1      | Reached XP level 2. HP: 22/27 MP: 1/1
   837 | D:2      | Reached XP level 3. HP: 33/33 MP: 2/2
  1213 | D:2      | Reached XP level 4. HP: 38/40 MP: 3/3
  1289 | D:2      | Noticed a phantom
  1311 | D:2      | Killed a phantom
  1312 | D:2      | Reached XP level 5. HP: 18/47 MP: 4/4
  1509 | D:2      | Found a faded altar of an unknown god.
  1953 | D:3      | Reached skill level 5 in Armour
  1982 | D:3      | Reached skill level 5 in Shields
  2044 | D:3      | Reached skill level 5 in Fighting
  2134 | D:3      | Found a hide-covered altar of Uskayaw.
  2308 | D:3      | Found a sparkling altar of Nemelex Xobeh.
  2464 | D:4      | Reached XP level 6. HP: 56/56 MP: 5/5
  3275 | D:5      | Entered Level 5 of the Dungeon
  3279 | D:5      | Reached XP level 7. HP: 62/62 MP: 6/6
  3321 | D:5      | Reached skill level 5 in Axes
  3353 | D:5      | Found an ornate altar of the Wu Jian Council.
  3370 | D:5      | Found an ancient bone altar of Kikubaaqudgha.
  3520 | D:5      | Identified the +1 trident "Qesuorgh" {venom, Int+3 Stlth+}
  3650 | D:5      | Reached XP level 8. HP: 48/71 MP: 7/7
  4647 | D:5      | Found Inezema's Serpentskin Sales.
  4651 | D:5      | Bought a +0 chain mail of poison resistance for 93 gold
                  | pieces
  5295 | D:6      | Found a hazy altar of Hepliaklqana.
  5624 | D:6      | Reached XP level 9. HP: 79/81 MP: 8/8
  6040 | D:7      | Found a white marble altar of Elyvilon.
  6318 | D:7      | Found a broken altar of Ashenzari.
  6483 | D:7      | Noticed a kobold demonologist
  6491 | D:7      | Killed a kobold demonologist
  6551 | D:7      | Noticed a manticore
  6557 | D:7      | HP: 3/82 [manticore (12)]
  6557 | D:7      | Slain by a manticore

Illustrated notes

Levels and vault maps discovered:
D:1:      psy_arrival_fountain, layout_loops_cross, chequers_jeans,
          corner_web_ring
D:2:      minmay_inner_zag, layout_basic, ebering_ecumenical_altar_webs,
          serial_rivers, chequers_serial_rivers_marsh,
          chequers_serial_rivers_micro_d, chequers_serial_rivers_small_b,
          chequers_serial_rivers_small_a, minmay_misc_feat_ornament,
          minmay_tripent
D:3:      minmay_roachtagon, layout_loops_ring,
          mainiacjoe_overflow_tiny_flanked,
          nicolae_uskayaw_murder_on_the_dancefloor, minmay_misc_feat_doors,
          grunt_ministairs_5
D:4:      layout_rooms, serial_bayou_pond_b
D:5:      layout_basic, jmf_multi_god_temple2, guppyfry_shop_venom
D:6:      layout_loops_cross, overflow_temple_1_default
D:7:      layout_basic, nicolae_overflow_crystal_walls,
          mainiacjoe_overflow_24_doors, minmay_temple_entry_grid, wad_mini_maze

Skill      XL: |  1  2  3  4  5  6  7  8  9 |
---------------+----------------------------+-----
Armour         | 4 5 6 8 |  8.6
Shields        | 4 5 6 7 8 |  8.6
Fighting       | 4 5 6 8 |  8.6
Axes           | 3 4 6 7 8 |  8.1

Action                     |  1- 3 |  4- 6 |  7- 9 || total
---------------------------+-------+-------+-------++-------
  Melee: War axe           |    82 |   146 |    77 ||   305
         Headbutt          |    10 |    25 |    42 ||    77
         Battleaxe         |       |       |   140 ||   140
    Use: Scroll            |       |       |     4 ||     4
 Armour: Scale mail        |    55 |   113 |    93 ||   261
         Chain mail        |       |       |   129 ||   129
  Dodge: Dodged            |    36 |    69 |   104 ||   209
  Block: Buckler           |    18 |    28 |    23 ||    69

Table legend: (Time is in decaauts)
 A = Elapsed time spent in this place.
 B = Non-inter-level travel time spent in this place.
 C = Inter-level travel time spent in this place.
 D = Time resting spent in this place.
 E = Time spent auto-exploring this place.
 F = Levels seen in this place.
 G = Mean time per level.
                   A        B        C        D        E       F      G
               +--------+--------+--------+--------+--------+-----+--------+
         Total |   6699 |   5838 |    861 |    997 |   3651 |   7 |  957.0 |
       Dungeon |   6699 |   5838 |    861 |    997 |   3651 |   7 |  957.0 |
               +--------+--------+--------+--------+--------+-----+--------+

Top non-repeatable levels by time:
     D:5: 1740 daAuts
     D:2: 1020 daAuts
     D:3: 961 daAuts
     D:7: 876 daAuts
     D:1: 778 daAuts
     D:6: 730 daAuts
     D:4: 591 daAuts
